 Dungeon Crawl Stone Soup version 0.31.0-12-g77e489cdc1 (webtiles) character file.

Game seed: 3188916405844839659

142 Gadfly the Covered (level 5, -4/45 HPs)
             Began as an Armataur Fighter on Feb 29, 2024.
             Slain by a gnoll
             ... wielding a +0 halberd
              (8 damage)
             ... on level 4 of the Dungeon.
             The game lasted 00:03:37 (2709 turns).

Gadfly the Covered (Armataur Fighter)               Turns: 2709, Time: 00:03:38

Health: -4/45      AC:  7    Str: 27    XL:     5   Next: 4%
Magic:  6/6        EV:  7    Int:  9    God:
Gold:   80         SH:  4    Dex: 11    Spells: 4/4 levels left

rFire   . . .        a - +1 flail
rCold   . . .        c - +0 buckler
rNeg    . . .        b - +0 scale mail
rPois   .            (no helmet)
rElec   .            (no cloak)
rCorr   .            (no gloves)
SInv    +            (no barding)
Will    .....        (no amulet) Stlth
                     f - ring of see invisible
HPRegen 0.27/turn    g - +6 ring of strength
MPRegen 0.10/turn

%: roll
@: no status effects
A: large, deformed body, tough skin 3, armoured tail, roll 1
a: no special abilities


You were on level 4 of the Dungeon.
You visited 1 branch of the dungeon, and saw 4 of its levels.

You collected 152 gold pieces.
You spent 72 gold pieces at shops.

Inventory:

Hand Weapons
 a - a +1 flail (weapon)
Armour
 b - a +0 scale mail (worn)
 c - a +0 buckler (worn)
Jewellery
 f - a ring of see invisible (left hand)
 g - a +6 ring of strength (right hand)
 h - a ring of resist corrosion
Scrolls
 l - a scroll of teleportation
 m - a scroll of amnesia
Potions
 d - 2 potions of might
 e - a potion of curing
 j - a potion of heal wounds {unknown}
 k - a potion of brilliance {unknown}


   Skills:
 + Level 3.1 Fighting
 * Level 2.6 Maces & Flails
 + Level 4.2 Armour
 + Level 3.8 Shields
 * Level 2.0 Invocations
 * Level 1.8 Evocations


You had 4 spell levels left.
You didn't know any spells.
Your spell library contained the following spells:

 Spells                   Type           Power      Damage    Failure   Level
 Foxfire                  Conj/Fire      0%         2x1d4     71%         1
 Sting                    Conj/Alch      0%         1d3       71%         1
 Mercury Vapours          Alch/Air       0%         N/A       83%         2
 Olgreb's Toxic Radiance  Alch           0%         N/A       100%        4
 Summon Lightning Spire   Summ/Air       0%         N/A       100%        4
 Summon Mana Viper        Hex/Summ       0%         N/A       100%        5
 Plasma Beam              Fire/Air       0%         2x1d10    100%        6
 Starburst                Conj/Fire      0%         6d3       100%        6


Dungeon Overview and Level Annotations

Branches:
Dungeon (4/15)
 Temple: D:4-7

Altars:

Shops:
D:1 *


Innate Abilities, Weirdness & Mutations

Armour fits poorly on your strangely shaped body.
You have extremely tough skin. (AC +3)
You have a long armoured tail.
You regenerate magic when rolling toward enemies. (Rampage MPRegen)


Message History

You are too injured to fight recklessly!
You are too injured to fight recklessly!
You are too injured to fight recklessly!
You are too injured to fight recklessly!
You are too injured to fight recklessly!
You are too injured to fight recklessly!
You are too injured to fight recklessly!
You are too injured to fight recklessly!
You are too injured to fight recklessly!
You are too injured to fight recklessly!
There is a stone staircase leading up here.
You climb upwards.
There is a stone staircase leading down here.
HP restored.
Done exploring.
You climb downwards.
The gnoll throws a throwing net.
The throwing net hits you.
You become entangled in the net!
The gnoll hits you from afar with a +0 spear.
The gnoll hits you from afar with a +0 halberd!
There is a stone staircase leading up, spattered with blood here.
You see here a throwing net.
You struggle against the net.
The gnoll hits you but does no damage. The gnoll barely misses you.
You struggle against the net.
The gnoll hits you but does no damage. x2
The gnoll hits you from afar with a +0 spear.
You struggle against the net.
The gnoll hits you from afar with a +0 spear.
The gnoll hits you from afar with a +0 halberd.
The gnoll barely misses you.
You struggle against the net.
The gnoll hits you but does no damage.
The gnoll hits you from afar with a +0 halberd!
The gnoll hits you from afar with a +0 spear.
* * * LOW HITPOINT WARNING * * *
You rip the net and break free!
The gnoll hits you with a +0 whip.
* * * LOW HITPOINT WARNING * * *
You block the gnoll's attack.
The gnoll hits you from afar with a +0 spear.
* * * LOW HITPOINT WARNING * * *
The gnoll hits you from afar with a +0 halberd!
You die...

.. #. #. #.
###. ##...##
###.....#
.......@#
###...g.###.#
##..ggg...#
###.###### #.
#. #. #. ##


You could see 4 gnolls.

Vanquished Creatures
  A howler monkey (D:2)
  2 gnolls (D:1)
  An adder (D:3)
  2 dart slugs (D:1)
  An orc (D:3)
  6 endoplasms
  3 giant cockroaches
  5 hobgoblins
  6 jackals
  5 quokkas
  4 ball pythons
  5 bats
  5 frilled lizards
  11 goblins
  A kobold (D:1)
  7 rats
65 creatures vanquished.

Notes
Turn   | Place    | Note
-------+----------+-------------------------------------------
     0 | D:1      | Gadfly the Armataur Fighter began the quest for the Orb.
     0 | D:1      | Reached XP level 1. HP: 18/18 MP: 1/1
    52 | D:1      | Reached XP level 2. HP: 2/25 MP: 2/2
   235 | D:1      | Found Pysymafyq's Assorted Antiques.
   283 | D:1      | Reached skill level 1 in Evocations
   296 | D:1      | Reached skill level 1 in Invocations
   476 | D:1      | Reached XP level 3. HP: 30/30 MP: 3/3
   655 | D:2      | Reached skill level 4 in Armour
   971 | D:2      | Reached XP level 4. HP: 28/38 MP: 5/5
  1225 | D:1      | Bought a scroll labelled ZIADESM XOOLEO for 25 gold pieces
  1225 | D:1      | Bought a fizzy green potion for 22 gold pieces
  1784 | D:1      | Bought a scroll labelled WIWUWO RE IVUI for 25 gold pieces
  1855 | D:3      | Got Kuffem's Treatise on the Flock
  2049 | D:3      | Reached XP level 5. HP: 45/45 MP: 6/6
  2709 | D:4      | Slain by a gnoll

Illustrated notes

Levels and vault maps discovered:
D:1:      enne_arrival_octagon_isle, layout_basic, serial_shops, shop
D:2:      kennysheep_the_goblin_king, layout_loops_corners, serial_glass,
          glass_columns_a, glass_columns_b, minmay_strange_pillars,
          minmay_strange_pillars, due_unseen_surprise,
          chequers_serial_rivers_micro_a, minmay_fractal_squares_gapless_5
D:3:      layout_rooms
D:4:      layout_loops_ring, marbit_many_paths, minmay_temple_entry_antechambers

Skill      XL: |  1  2  3  4  5 |
---------------+----------------+-----
Maces & Flails | 2 |  2.6
Evocations     | 1 |  1.8
Invocations    | 1 2 |  2.0
Armour         | 4 |  4.2
Fighting       | 3 |  3.1
Shields        | |  3.8

Action                     |  1- 3 |  4- 6 || total
---------------------------+-------+-------++-------
  Melee: Flail             |   100 |    85 ||   185
         Tailslap          |    11 |     2 ||    13
    Use: Scroll            |     4 |     6 ||    10
         Potion            |       |     1 ||     1
 Armour: Scale mail        |   113 |    98 ||   211
  Dodge: Dodged            |    45 |    46 ||    91
  Block: Buckler           |    31 |    18 ||    49
